 Dungeon Crawl Stone Soup version 0.23.0-2-g0fe3ce5 (webtiles) character file.

Game seed: 13693925978414973410

51 felt the Skirmisher (level 3, 0/29 HPs)
             Began as a Demonspawn Abyssal Knight on Feb 19, 2019.
             Was a Believer of Lugonu.
             Succumbed to an adder's poison
             ... on level 2 of the Dungeon.
             The game lasted 00:03:14 (863 turns).

felt the Skirmisher (Demonspawn Abyssal Knight)      Turns: 863, Time: 00:03:14

Health: 0/29       AC:  1    Str: 10 (13) XL:     3   Next: 57%
Magic:  5/5        EV: 13    Int: 10 (13) God:    Lugonu [**....]
Gold:   119        SH:  0    Dex:  9 (12) Spells: 2/2 levels left

rFire    . . .     SeeInvis .   a - +1 mace
rCold    . . .     Gourm    .   (no shield)
rNeg     . . .     Faith    .   b - +0 leather armour
rPois    .         Spirit   .   (helmet restricted)
rElec    .         Reflect  .   (no cloak)
rCorr    .         Harm     .   (no gloves)
MR       .....                  (no boots)
Stlth    +.........             (no amulet)
HPRegen  0.09/turn              (no ring)
MPRegen  0.09/turn              (no ring)

@: lethally poisoned (0 -> -2), very slightly contaminated, hasted, invisible,
very quick
A: antennae 1, talons 1, repulsion field 1, blurry vision 1, deformed body
a: Depart the Abyss, Bend Space, Renounce Religion


You were on level 2 of the Dungeon.
You worshipped Lugonu.
Lugonu was pleased with you.
You were not hungry.

You visited 1 branch of the dungeon, and saw 2 of its levels.
You visited the Abyss 1 time.

You collected 119 gold pieces.

Inventory:

Hand Weapons
 a - a +1 mace (weapon)
Armour
 b - a +0 leather armour (worn)
Scrolls
 g - 4 scrolls of identify {unknown}
 i - a scroll of remove curse {unknown}
 j - a scroll of blinking {unknown}
 k - a scroll of random uselessness {unknown}
Potions
 e - a potion of degeneration
Comestibles
 c - 3 rations


   Skills:
 * Level 3.5 Fighting
 * Level 2.5 Maces & Flails
 + Level 2.1 Armour
 + Level 1.2 Dodging
 + Level 3.0 Invocations


You had 2 spell levels left.
You didn't know any spells.
Your spell library was empty.

Dungeon Overview and Level Annotations

Branches:
Dungeon (2/15)

Altars:


Innate Abilities, Weirdness & Mutations

You are surrounded by a mild repulsion field. (EV +2)
You have a pair of small antennae on your head.
You have sharp toenails.
Scrolls take you a little longer to read.
Armour fits poorly on your strangely shaped body.


Message History

The adder closely misses you.
You are very lightly contaminated with residual magic.
You hit the adder. You claw the adder.
You kill the adder!
Lugonu accepts your kill. The rat closely misses you.
You closely miss the rat.
* * * LOW HITPOINT WARNING * * *
You feel sick. The rat barely misses you.
You sock the rat!
You kill the rat!
Lugonu accepts your kill.
There is a lethal amount of poison in your body!
* * * LOW HITPOINT WARNING * * *
You feel sick.
* * * LOW HITPOINT WARNING * * *
You feel sick.
* * * LOW HITPOINT WARNING * * *
You feel sick.
You die...

######S#
#...S..#
#.###### #.#
#.# #.# #.#
#.# #@# #†#
#.#
############
#.# #...
.......
#.#####.#
#..
#.......#
##.
#######.# #.
#......# #.
#.####.# #.


There were no monsters in sight!

Vanquished Creatures
  2 adders (D:2)
  A dart slug (D:1)
  2 leopard geckos (D:1)
  4 goblins
  3 hobgoblins (D:1)
  3 bats
  2 frilled lizards
  3 kobolds (D:1)
  12 rats
  A fungus (D:2)
  A toadstool (D:2)
34 creatures vanquished.

Vanquished Creatures (others)
  A fungus (D:2)
  A toadstool (D:2)
2 creatures vanquished.

Grand Total: 36 creatures vanquished

Notes
Turn   | Place    | Note
-------+----------+-------------------------------------------
     0 | Abyss:1  | felt the Demonspawn Abyssal Knight began the quest for the
                  | Orb.
     0 | Abyss:1  | Reached XP level 1. HP: 18/18 MP: 2/2
    12 | Abyss:1  | Found a radiant altar of Vehumet.
    51 | D:1      | Escaped the Abyss
   195 | D:1      | Reached skill level 1 in Dodging
   229 | D:1      | Gained mutation: You are surrounded by a mild repulsion
                  | field. (EV +2) [demonic ancestry]
   229 | D:1      | Reached XP level 2. HP: 22/24 MP: 3/3
   489 | D:1      | Reached ** piety under Lugonu
   688 | D:2      | Reached XP level 3. HP: 29/29 MP: 5/5
   843 | D:2      | Gained mutation: You have sharp toenails. [potion of
                  | mutation]
   843 | D:2      | Gained mutation: Scrolls take you a little longer to read.
                  | [potion of mutation]
   843 | D:2      | Gained mutation: Armour fits poorly on your strangely
                  | shaped body. [potion of mutation]
   843 | D:2      | Gained mutation: You have a pair of small antennae on your
                  | head. [potion of mutation]
   853 | D:2      | HP: 1/29 [poisoned by an adder]
   863 | D:2      | Succumbed to an adder's poison

Skill      XL: |  1  2  3 |
---------------+----------+-----
Dodging        | 1 |  1.2
Maces & Flails | 2 |  2.5
Armour         | 2 |  2.1
Invocations    | 3 |  3.0
Fighting       | |  3.5

Action                   || total
-------------------------++-------
Melee: Mace              ||    88
       Kick              ||     1
  Use: Potion            ||     4
Armor: Leather armour    ||    23
Dodge: Dodged            ||    51
